 Dungeon Crawl Stone Soup version 0.21.1-1-g345015f (webtiles) character file.

16 Kurtz the Skirmisher (level 2, 0/24 HPs)
             Began as a Mummy Monk on May 28, 2018.
             Slain by a giant cockroach (2 damage)
             ... on level 2 of the Dungeon.
             The game lasted 00:00:41 (1851 turns).

Kurtz the Skirmisher (Mummy Monk)                   Turns: 1851, Time: 00:00:42

Health: 0/24       AC:  0    Str: 14    XL:     2   Next: 41%
Magic:  2/2        EV: 13    Int:  9    God:
Gold:   56         SH:  0    Dex: 14    Spells: 1/1 levels left

rFire    x . .     SeeInvis .     - Unarmed
rCold    + . .     Gourm    .   (no shield)
rNeg     + + +     Faith    .   (no armour)
rPois    ∞         Spirit   .   (no helmet)
rElec    .         Reflect  .   (no cloak)
rCorr    .         Harm     .   (no gloves)
MR       .....                  (no boots)
Stlth    ++........             (no amulet)
HPRegen  0.08/turn              (no ring)
MPRegen  0.08/turn              (no ring)

@: no status effects
A: no food or potions, fire vulnerability, cold resistance 1, negative energy
resistance 3, torment resistance, unbreathing
a: no special abilities


You were on level 2 of the Dungeon.
You were not hungry.

You visited 1 branch of the dungeon, and saw 2 of its levels.

You collected 56 gold pieces.

Inventory:

Scrolls
 a - 4 scrolls of remove curse {unknown}
 b - 2 scrolls of identify {unknown}
 c - a scroll of enchant weapon {unknown}
 d - a scroll of magic mapping {unknown}


   Skills:
 - Level 3.0 Fighting
 - Level 2.4 Dodging
 * Level 2.0 Stealth
 * Level 2.9 Unarmed Combat


You had one spell level left.
You didn't know any spells.

Dungeon Overview and Level Annotations

Branches:
Dungeon (2/15)

Altars:
Makhleb
Zin


Innate Abilities, Weirdness & Mutations

You do not eat or drink.
Your flesh is vulnerable to fire.
You are immune to poison.
Your flesh is cold resistant. (rC+)
You are immune to negative energy. (rN+++)
You are immune to unholy pain and torment.
You can survive without breathing.


Message History

You are too injured to fight recklessly!
You are too injured to fight recklessly!
You are too injured to fight recklessly!
You are too injured to fight recklessly!
You are too injured to fight recklessly!
You are too injured to fight recklessly!
You are too injured to fight recklessly!
You are too injured to fight recklessly!
You are too injured to fight recklessly!
You are too injured to fight recklessly!
You are too injured to fight recklessly!
You are too injured to fight recklessly!
You are too injured to fight recklessly!
You see here a scroll labeled ZUARUSKUINA.
Found a smoky cyan potion and a ration.
Found 22 arrows.
The giant cockroach bites you.
* * * LOW HITPOINT WARNING * * *
You barely miss the giant cockroach. The giant cockroach bites you.
You die...

...#####.#############.......#...
...###2###...........#.......#...
....#### ..........#.#.......#...
....#####.......##.#(#.....###...
<...........# #......#.....###...
...###......# #......#.........##
............# #...!............##
.#####......###.##...............
.....###....##..@s..##.........##
......................$....[.....
.##................)##.....####..
..#.............#................
..#.............#...###....?.....
..#...........#.#.... #..........
..#.#......#.##.#................
............. ..#......###.......
.......... .#.. #...[...


You could see a giant cockroach.

Vanquished Creatures
  2 leopard geckos (D:1)
  A bat (D:1)
  A giant cockroach (D:2)
  A goblin (D:1)
  2 hobgoblins (D:2)
  A ball python (D:1)
  A frilled lizard (D:2)
  2 kobolds
  3 rats
14 creatures vanquished.

Notes
Turn   | Place    | Note
-------+----------+-------------------------------------------
     0 | D:1      | Kurtz the Mummy Monk began the quest for the Orb.
     0 | D:1      | Reached XP level 1. HP: 18/18 MP: 1/1
  1571 | D:1      | Reached XP level 2. HP: 24/24 MP: 2/2
  1762 | D:2      | Found a glowing silver altar of Zin.
  1764 | D:2      | Found a burning altar of Makhleb.
  1771 | D:2      | Noticed an angel
  1773 | D:2      | Noticed a cacodemon
  1851 | D:2      | Slain by a giant cockroach

Skill      XL: |  1  2 |
---------------+-------+-----
Stealth        | 2 |  2.0
Fighting       | |  3.0
Dodging        | |  2.4
Unarmed Combat | |  2.9

Action                   || total
-------------------------++-------
Melee: Unarmed           ||    55
 Stab: Sleeping          ||     5
Dodge: Dodged            ||    37
